 Dungeon Sprint DCSS version 0.17-a0-1923-gc35365e (webtiles) character file.

19687 pipel the Nimble (level 13, -25/88 HPs)
             Began as a Kobold Skald on Sept 28, 2015.
             Was a High Priest of Ru.
             Shot with a bolt by a yaktaur captain (44 damage)
             ... in the Dungeon (Sprint IX: "|||||||||||||||||||||||||||||").
             The game lasted 00:26:15 (1539 turns).

pipel the Nimble (Kobold Skald)                     Turns: 1539, Time: 00:26:16

Health: -25/88     AC: 13    Str:  9    XL:     13   Next: 6%
Magic:  7/19       EV: 26    Int: 14    God:    Ru [*****.]
Gold:   63         SH:  0    Dex: 20    Spells: 3 memorised, 14 levels left

rFire  + . .     SeeInvis .     a - +10 short sword of the Sun {elec, rF+ Int+4}
rCold  . . .     Clarity  .     s - +2 ring mail
rNeg   . . .     SustAt   .     (shield restricted)
rPois  .         Gourm    .     q - +0 helmet
rElec  .         Spirit   .     J - +1 cloak
rCorr  .         Warding  .     L - +1 pair of gloves
rMut   .         NoTele   +     I - +1 pair of boots
MR     .....                    (no amulet)
Stlth  ++++++....               B - +4 ring of slaying
                                t - +2 ring of evasion

@: exhausted, shrouded, no potions, not resistant to hostile enchantments, very
stealthy
A: carnivore 3, weak 1, inability to drink while threatened, hated by all,
vulnerability to harm 1, unskilled 1
a: Sacrifice Durability, Sacrifice an Eye, Sacrifice Stealth, Reject Sacrifices,
Draw Out Power, Power Leap, Apocalypse, Renounce Religion


You were in the Dungeon.
You worshipped Ru.
Ru was extremely pleased with you.
You were very full.

You visited 1 branch You collected 1906 gold pieces.
You spent 1843 gold pieces at shops.

Inventory:

Hand weapons
 a - the +10 short sword of the Sun (weapon) {elec, rF+ Int+4}
   (You bought it in a shop in the Dungeon)

   Occasionally, upon striking a foe, it will discharge some electrical energy
   and cause terrible harm.
   It affects your intelligence (+4).
   It protects you from fire.
 o - a +0 short sword
 p - the +3 war axe "Killer Klown's Death" {chop, rC+ rN++ Dex-5}
   (You found it in the Dungeon)

   It inflicts extra damage upon your enemies.
   It affects your dexterity (-5).
   It protects you from cold.
   It greatly protects you from negative energy.
 v - a +6 rapier of venom
 H - a +3 quick blade
Armour
 n - a +0 leather armour
 q - a +0 helmet (worn)
 r - a +0 cloak
 s - a +2 ring mail (worn)
 A - a +0 pair of gloves
 I - a +1 pair of boots (worn)
 J - a +1 cloak (worn)
 K - a +0 swamp dragon armour
 L - a +1 pair of gloves (worn)
Magical staves
 b - an uncursed staff of energy
Jewellery
 t - a +2 ring of evasion (left hand)
 u - a +2 ring of evasion
 B - a +4 ring of slaying (right hand)
 D - an uncursed ring of fire
 E - an uncursed ring of fire
 F - an uncursed ring of protection from cold
 G - an uncursed ring of protection from fire
Magical devices
 m - a wand of draining (0)
 z - a wand of polymorph (12)
Scrolls
 j - 5 scrolls of remove curse
 k - 2 scrolls of amnesia
 l - 3 scrolls of blinking
 y - 7 scrolls of enchant armour
Potions
 e - 5 potions of curing
 g - 2 potions of haste
 h - 4 potions of magic
 i - 10 potions of heal wounds
 w - 3 potions of might
 x - a potion of resistance
 C - 2 potions of brilliance {unknown}
Books
 c - a book of Battle

   Spells                             Type                      Level
   a - Infusion                       Charms                       1
   b - Shroud of Golubria             Charms/Translocation         2
   c - Song of Slaying                Charms                       2
   d - Spectral Weapon                Hexes/Charms                 3
   e - Regeneration                   Charms/Necromancy            3
Comestibles
 d - 12 meat rations
 f - 4 chunks of flesh


   Skills:
 + Level 13.4 Fighting
 - Level 14.8 Short Blades
 + Level 6.3 Armour
 + Level 14.9 Dodging
 - Level 14.3 Stealth
 - Level 4.0 Spellcasting
 + Level 10.3 Charms
 + Level 9.5 Necromancy
 - Level 2.7 Translocations
 - Level 7.3 Evocations


You had 14 spell levels left.
You knew the following spells:

 Your Spells              Type           Power        Failure   Level  Hunger
a - Infusion              Chrm           ####..       1%          1    None
b - Shroud of Golubria    Chrm/Tloc      ###.......   6%          2    ##.....
r - Regeneration          Chrm/Necr      ####......   2%          3    ###....


Dungeon Overview and Level Annotations

Branches:
Dungeon (1/1)

Altars:
Cheibriados
Dithmenos
Elyvilon
Fedhas
Gozag
Kikubaaqudgha
Makhleb
Nemelex Xobeh
Okawaru
Qazlal
Ru
Sif Muna
Trog
Vehumet
Xom
Yredelemnul
Zin
The Shining One
Beogh
Jiyva
Lugonu

Shops:
D (*==


Innate Abilities, Weirdness & Mutations

You are small and have problems with some larger weapons.
You are carnivorous and can eat meat at any time.
You are weak. (Str -2)
You cannot drink potions while threatened.
You are hated by all.
You take slightly more damage. (-3 AC)
You are somewhat unskilled (-1 Apt).


Message History

The bolt hits the giant cockroach simulacrum!!
The giant cockroach simulacrum vapourises!
You regained 2 hp, and now have 25/88 hp.
The necromancer begins to cast a spell, but is stunned by your will!
Things that are here:
a battleaxe; a ring mail You can drink potions again.
The yaktaur captain shoots a bolt.
The bolt hits you!
You feel threatened and lose the ability to drink potions!
* * * LOW HITPOINT WARNING * * *
You redirect the necromancer's attack!
Things that are here:
a bolt; a manticore corpse You take 7 damage, and have 18/88 hp.
The yaktaur captain shoots a bolt.
The bolt completely misses you.
You see here an ugly thing corpse.
You see here a bolt.
The yaktaur captain shoots a bolt.
The bolt hits you!!!
Ouch! That really hurt!
You die...

▓÷▓.▓)▓.▓∩▓)▓.▓
▓'▓.▓.▓.▓.▓.▓(▓
▓.▓.▓†▓.▓∩▓.▓c▓
▓.▓.▓.▓.▓)▓.▓)▓
▓.▓.▓.▓.▓∩▓.▓(▓
▓.▓.▓.▓.▓)▓.▓.▓
▓.▓.▓.▓.▓.▓.▓†▓
▓)▓.▓†▓.▓)▓.▓(▓
▓.▓.▓†▓.▓)▓.▓@▓
▓.▓.▓'▓.▓)▓.▓(▓
▓.▓.▓.▓.▓'▓.▓.▓
▓'▓.▓.▓.▓.▓.▓.▓
▓_▓.▓.▓.▓.▓.▓.▓
▓_▓.▓.▓.▓.▓.▓.▓
▓_▓.▓.▓.▓)▓.▓.▓
▓_▓.▓.▓.▓.▓.▓.▓
▓_▓.▓.▓.▓)▓.▓.▓


You could see a yaktaur captain.

Vanquished Creatures
  A lich (D)
  A stone giant (D)
  Erolcha (D)
  A hydra (D)
  A tengu warrior (D)
  7 orc high priests (D)
  7 orc knights (D)
  A lindwurm (D)
  A hill giant (D)
  2 ugly things (D)
  A manticore (D)
  Joseph (D)
  A black mamba (D)
  A gargoyle (D)
  A spiny frog (D)
  A fire drake (D)
  A troll (D)
  A blink frog (D)
  A slime creature (D)
  A basilisk (D)
  2 wyverns (D)
  A yak (D)
  Grum (D)
  4 hippogriffs (D)
  A porcupine (D)
  2 wolves (D)
  A sky beast (D)
  10 orc warriors (D)
  3 ice beasts (D)
  2 centaurs (D)
  An ogre (D)
  A crocodile (D)
  2 giant frogs (D)
  4 brain worms (D)
  A scorpion (D)
  A crimson imp (D)
  5 orc priests (D)
  5 orc wizards (D)
  2 iguanas (D)
  3 worms (D)
  6 orcs (D)
  A bat zombie (D)
  A quokka (D)
  A bat (D)
  A giant newt (D)
  A jackal zombie (D)
  A kobold (D)
  2 rats (D)
99 creatures vanquished.

Vanquished Creatures (others)
  A blink frog (D)
  A giant cockroach simulacrum (D)
2 creatures vanquished.

Grand Total: 101 creatures vanquished

Notes
Turn   | Place    | Note
--------------------------------------------------------------
     0 | D        | pipel the Kobold Skald began the quest for the Orb.
     0 | D        | Reached XP level 1. HP: 12/12 MP: 3/3
    47 | D        | Noticed an ice beast
    47 | D        | Noticed a crimson imp
    47 | D        | Noticed a centaur
    47 | D        | Noticed an ice beast
    53 | D        | Killed an ice beast
    53 | D        | Reached skill level 4 in Fighting
    53 | D        | Reached skill level 1 in Armour
    53 | D        | Reached skill level 5 in Charms
    53 | D        | Reached XP level 2. HP: 10/20 MP: 1/6
    53 | D        | Reached XP level 3. HP: 12/24 MP: 1/8
    53 | D        | Reached XP level 4. HP: 14/29 MP: 1/9
    53 | D        | Reached XP level 5. HP: 15/33 MP: 1/10
    59 | D        | Killed a centaur
    59 | D        | Reached skill level 5 in Short Blades
    59 | D        | Reached skill level 6 in Stealth
    61 | D        | Killed a crimson imp
    61 | D        | Reached skill level 5 in Fighting
    61 | D        | Reached skill level 7 in Stealth
    61 | D        | Reached XP level 6. HP: 12/40 MP: 0/12
    86 | D        | Found a glowing silver altar of Zin.
    86 | D        | Found a glowing golden altar of the Shining One.
    86 | D        | Found an ancient bone altar of Kikubaaqudgha.
    86 | D        | Found a basalt altar of Yredelemnul.
    86 | D        | Found a shimmering altar of Xom.
    86 | D        | Found a radiant altar of Vehumet.
    87 | D        | Found an iron altar of Okawaru.
    88 | D        | Found a burning altar of Makhleb.
    90 | D        | Found a deep blue altar of Sif Muna.
    91 | D        | Found a bloodstained altar of Trog.
    92 | D        | Found a sparkling altar of Nemelex Xobeh.
    93 | D        | Found a white marble altar of Elyvilon.
    94 | D        | Found a roughly hewn altar of Beogh.
    95 | D        | Found a viscous altar of Jiyva.
    96 | D        | Found a corrupted altar of Lugonu.
    97 | D        | Found a blossoming altar of Fedhas.
    98 | D        | Found a snail-covered altar of Cheibriados.
    99 | D        | Found a shadowy altar of Dithmenos.
   100 | D        | Found a stormy altar of Qazlal.
   101 | D        | Found an opulent altar of Gozag.
   102 | D        | Found a sacrificial altar of Ru.
   110 | D        | Became a worshipper of Ru the Awakened
   121 | D        | Got the +3 war axe "Killer Klown's Death" {chop, rC+ rN++ Dex-5}
   149 | D        | Learned a level 3 spell: Regeneration
   202 | D        | Learned a level 2 spell: Shroud of Golubria
   233 | D        | Killed an ice beast
   233 | D        | Reached skill level 8 in Stealth
   233 | D        | Reached skill level 1 in Necromancy
   279 | D        | Noticed an orc warrior
   279 | D        | Noticed a wyvern
   279 | D        | Noticed a hill giant
   279 | D        | Noticed a sky beast
   279 | D        | Noticed a hippogriff
   281 | D        | Killed a hippogriff
   281 | D        | Reached skill level 5 in Dodging
   281 | D        | Reached skill level 9 in Stealth
   281 | D        | Reached skill level 1 in Translocations
   281 | D        | Reached skill level 1 in Evocations
   281 | D        | Reached XP level 7. HP: 45/47 MP: 7/13
   284 | D        | Killed a wyvern
   284 | D        | Reached skill level 10 in Stealth
   286 | D        | Killed a sky beast
   286 | D        | Killed a hill giant
   286 | D        | Reached skill level 11 in Stealth
   286 | D        | Reached XP level 8. HP: 52/54 MP: 8/14
   288 | D        | Killed an orc warrior
   288 | D        | Reached skill level 12 in Stealth
   299 | D        | Gained mutation: You take slightly more damage. (-3 AC) [Ru sacrifice]
   319 | D        | Noticed an ice beast
   319 | D        | Noticed a scorpion
   319 | D        | Noticed a slime creature
   319 | D        | Noticed a cyan ugly thing
   319 | D        | Noticed an ogre
   319 | D        | Noticed a centaur
   321 | D        | Killed a centaur
   323 | D        | Killed an ogre
   325 | D        | Killed a cyan ugly thing
   325 | D        | Reached skill level 13 in Stealth
   325 | D        | Reached skill level 5 in Evocations
   325 | D        | Reached XP level 9. HP: 58/60 MP: 10/15
   327 | D        | Killed a slime creature
   332 | D        | Killed a scorpion
   352 | D        | Killed an ice beast
   352 | D        | Reached skill level 14 in Stealth
   475 | D        | Noticed a blink frog
   475 | D        | Noticed an iguana
   475 | D        | Noticed a blink frog
   475 | D        | Noticed a hippogriff
   475 | D        | Noticed a giant frog
   475 | D        | Noticed an iguana
   476 | D        | Noticed a giant frog
   477 | D        | Killed an iguana
   478 | D        | Noticed a wyvern
   481 | D        | Killed a giant frog
   483 | D        | Noticed a basilisk
   491 | D        | Killed a blink frog
   491 | D        | Reached skill level 10 in Dodging
   498 | D        | Killed a hippogriff
   508 | D        | Gained mutation: You are hated by all. [Ru sacrifice]
   508 | D        | Acquired Ru's first power
   508 | D        | Acquired Ru's second power
   556 | D        | Killed an iguana
   560 | D        | Killed a blink frog
   561 | D        | Killed a giant frog
   570 | D        | Killed a wyvern
   570 | D        | Reached skill level 15 in Stealth
   570 | D        | Reached XP level 10. HP: 66/66 MP: 14/16
   579 | D        | Killed a basilisk
   579 | D        | Reached skill level 5 in Armour
   609 | D        | Noticed a hippogriff
   609 | D        | Noticed a hippogriff
   609 | D        | Noticed a fire drake
   609 | D        | Noticed a porcupine
   609 | D        | Noticed a spiny frog
   609 | D        | Noticed a crocodile
   610 | D        | Noticed a seven-headed hydra
   614 | D        | Killed a crocodile
   620 | D        | Noticed a black mamba
   621 | D        | Killed a spiny frog
   621 | D        | Reached skill level 10 in Short Blades
   623 | D        | Killed a porcupine
   624 | D        | Killed a seven-headed hydra
   624 | D        | Reached skill level 5 in Necromancy
   624 | D        | Killed a fire drake
   649 | D        | Noticed a yak
   651 | D        | Killed a hippogriff
   657 | D        | Killed a hippogriff
   657 | D        | Reached skill level 10 in Fighting
   667 | D        | Killed a black mamba
   673 | D        | Killed a yak
   681 | D        | Gained mutation: You are somewhat unskilled (-1 Apt). [Ru sacrifice]
   681 | D        | Reduced skill Armour to level 5
   681 | D        | Reduced skill Stealth to level 14
   681 | D        | Acquired Ru's third power
   715 | D        | Noticed a brain worm
   715 | D        | Noticed a brain worm
   715 | D        | Noticed a brain worm
   715 | D        | Noticed a lindwurm
   719 | D        | Noticed a brain worm
   728 | D        | Lost intelligence.
   730 | D        | Killed a lindwurm
   730 | D        | Reached skill level 5 in Necromancy
   735 | D        | Killed a brain worm
   739 | D        | Killed a brain worm
   739 | D        | Reached XP level 11. HP: 38/72 MP: 17/17
   742 | D        | Killed a brain worm
   748 | D        | Killed a brain worm
   810 | D        | Noticed Joseph
   817 | D        | Killed Joseph
   864 | D        | Gained mutation: You cannot drink potions while threatened. [Ru sacrifice]
   864 | D        | Acquired Ru's fourth power
   869 | D        | Noticed an orc wizard
   869 | D        | Noticed an orc priest
   870 | D        | Noticed an orc priest
   872 | D        | Noticed an orc wizard
   876 | D        | Noticed an orc priest
   878 | D        | Noticed an orc priest
   879 | D        | Killed an orc priest
   883 | D        | Killed an orc wizard
   886 | D        | Noticed an orc priest
   888 | D        | Killed an orc priest
   889 | D        | Noticed an orc wizard
   894 | D        | Noticed an orc wizard
   894 | D        | Killed an orc wizard
   898 | D        | Killed an orc priest
   904 | D        | Killed an orc priest
   907 | D        | Killed an orc priest
   909 | D        | Killed an orc wizard
   915 | D        | Killed an orc wizard
   963 | D        | Noticed an orc warrior
   963 | D        | Noticed an orc warrior
   963 | D        | Noticed an orc warrior
   963 | D        | Noticed an orc warrior
   963 | D        | Noticed an orc warrior
   963 | D        | Noticed an orc warrior
   964 | D        | Noticed an orc warrior
   965 | D        | Killed an orc warrior
   966 | D        | Noticed an orc warrior
   968 | D        | Killed an orc warrior
   969 | D        | Noticed an orc knight
   970 | D        | Killed an orc warrior
   973 | D        | Killed an orc warrior
   976 | D        | Gained mutation: You are weak. (Str -2) [Ru sacrifice]
   976 | D        | Acquired Ru's fifth power
   977 | D        | Killed an orc warrior
   980 | D        | Noticed an orc wizard
   981 | D        | Killed an orc warrior
   982 | D        | Noticed an orc warrior
   985 | D        | Killed an orc warrior
   985 | D        | Reached skill level 10 in Fighting
   987 | D        | Killed an orc warrior
   993 | D        | Killed an orc knight
   995 | D        | Killed an orc warrior
  1005 | D        | Killed an orc wizard
  1048 | D        | Found Zuos's Jewellery Boutique.
  1048 | D        | Noticed an orc high priest
  1048 | D        | Noticed an orc knight
  1048 | D        | Noticed an orc knight
  1048 | D        | Noticed an orc high priest
  1048 | D        | Noticed an orc knight
  1049 | D        | Noticed an orc knight
  1050 | D        | Killed an orc knight
  1051 | D        | Found Enuteshra's Jewellery Shop.
  1051 | D        | Noticed an orc high priest
  1053 | D        | Killed an orc high priest
  1054 | D        | Noticed an orc high priest
  1055 | D        | Killed an orc knight
  1056 | D        | Found Ucuenn's Assorted Antiques.
  1057 | D        | Noticed an orc high priest
  1057 | D        | Noticed an orc knight
  1058 | D        | Killed an orc knight
  1059 | D        | Found Pyfriar's Weapon Shop.
  1059 | D        | Noticed an orc high priest
  1064 | D        | Killed an orc high priest
  1065 | D        | Noticed an orc knight
  1066 | D        | Killed an orc knight
  1075 | D        | Killed an orc high priest
  1075 | D        | Reached XP level 12. HP: 61/80 MP: 4/18
  1082 | D        | Killed an orc high priest
  1096 | D        | Noticed an orc high priest
  1101 | D        | Killed an orc high priest
  1172 | D        | Killed an orc knight
  1207 | D        | Killed an orc high priest
  1222 | D        | Killed an orc knight
  1233 | D        | Killed an orc high priest
  1302 | D        | Bought the +10 short sword of the Sun {elec, rF+ Int+4} for 799 gold pieces
  1307 | D        | Bought a +4 ring of slaying for 1014 gold pieces
  1315 | D        | Bought a scroll labeled FACUZO YTWANN for 30 gold pieces
  1343 | D        | Noticed a wolf
  1344 | D        | Noticed Grum
  1348 | D        | Killed a wolf
  1349 | D        | Noticed a wolf
  1355 | D        | Killed Grum
  1359 | D        | Killed a wolf
  1396 | D        | Noticed Erolcha
  1403 | D        | Killed Erolcha
  1505 | D        | Noticed a tengu warrior
  1505 | D        | Noticed a manticore
  1505 | D        | Noticed a white ugly thing
  1505 | D        | Noticed a troll
  1508 | D        | Noticed a gargoyle
  1510 | D        | Noticed a stone giant
  1512 | D        | Killed a troll
  1512 | D        | Killed a manticore
  1512 | D        | Killed a gargoyle
  1514 | D        | Noticed a lich
  1514 | D        | Killed a white ugly thing
  1515 | D        | Noticed a yaktaur captain
  1518 | D        | Noticed a fire dragon
  1518 | D        | Killed a tengu warrior
  1519 | D        | Noticed a necromancer
  1520 | D        | Noticed a stone giant
  1524 | D        | Killed a stone giant
  1525 | D        | Noticed a fire dragon
  1533 | D        | Killed a lich
  1533 | D        | Reached skill level 10 in Charms
  1533 | D        | Reached XP level 13. HP: 24/88 MP: 6/19
  1539 | D        | Shot with a bolt by a yaktaur captain

Vault maps used:
D:        linesprint

Action                   |  1- 3 |  4- 6 |  7- 9 | 10-12 | 13-15 || total
-------------------------+-------+-------+-------+-------+-------++-------
Melee: Short sword       |    16 |     7 |       |    32 |       ||    55
       Rapier            |       |    12 |    71 |   227 |       ||   310
 Cast: Infusion          |     2 |       |       |     1 |       ||     3
       Regeneration      |       |     6 |     8 |    23 |       ||    37
       Shroud of Golubri |       |     3 |     3 |    10 |       ||    16
Invok: Sacrifice Health  |       |       |     1 |       |       ||     1
       Sacrifice Love    |       |       |     1 |       |       ||     1
       Draw Out Power    |       |       |       |     1 |       ||     1
       Sacrifice Skill   |       |       |       |     1 |       ||     1
       Apocalypse        |       |       |       |     2 |       ||     2
       Sacrifice Purity  |       |       |       |     1 |       ||     1
       Sacrifice Drink   |       |       |       |     1 |       ||     1
Evoke: Staff of energy   |       |     4 |    13 |    19 |       ||    36
       Wand              |       |       |     4 |     3 |       ||     7
  Use: Potion            |     1 |     1 |       |     1 |       ||     3
       Scroll            |       |     1 |     4 |     1 |       ||     6
 Stab: Sleeping          |     1 |     1 |     5 |     5 |       ||    12
       Invisible         |       |       |       |    11 |       ||    11
       Paralysed         |       |       |       |     6 |       ||     6
       Distracted        |       |       |       |     1 |       ||     1
  Eat: Chunk             |       |       |     2 |     9 |       ||    11
       Meat ration       |       |       |       |     1 |       ||     1
